 Dungeon Crawl Stone Soup version 0.30-a0-636-g200c5c4a83 (webtiles) character file.

Game seed: 5468782495114425262

515 Dartaoz the Chucker (level 7, 0/60 (66) HPs)
             Began as an Ogre Gladiator on Jan 15, 2023.
             Slain by an orc
             ... wielding a +0 trident
              (3 damage)
             ... on level 4 of the Dungeon.
             The game lasted 00:07:20 (2955 turns).

Dartaoz the Chucker (Ogre Gladiator)                Turns: 2955, Time: 00:07:21

HP:   0/60 (66)     AC:  3    Str: 21    XL:     7   Next: 20%
MP:   7/7           EV: 10    Int:  9    God:
Gold: 82            SH:  0    Dex: 10    Spells: 6/6 levels left

rFire   . . .      SeeInvis .    a - +0 flail
rCold   . . .      Faith    .    (no shield)
rNeg    . . .      Spirit   .    b - +0 robe
rPois   .          Reflect  .    c - +0 hat
rElec   .          Harm     .    (no cloak)
rCorr   .          Rampage  .    (gloves unavailable)
Will    .....                    (boots unavailable)
Stlth   +                        (no amulet)
HPRegen 0.30/turn                (no ring)
MPRegen 0.10/turn                (no ring)

@: drained
A: large, unfitting armour, tough skin 1
a: no special abilities


You were on level 4 of the Dungeon.
You visited 1 branch of the dungeon, and saw 4 of its levels.

You collected 134 gold pieces.
You spent 52 gold pieces at shops.

Inventory:

Hand Weapons
 a - a +0 flail (weapon)
Missiles
 d - 3 throwing nets (quivered)
 v - 4 javelins
Armour
 b - a +0 robe (worn)
 c - a +0 hat (worn)
Jewellery
 i - an amulet of magic regeneration
Scrolls
 g - 2 scrolls of fear {unknown}
 h - 2 scrolls of poison {unknown}
 j - a scroll of enchant weapon {unknown}
 l - a scroll of acquirement {unknown}
 o - a scroll of vulnerability {unknown}
 q - a scroll of amnesia {unknown}
 r - a scroll of butterflies {unknown}
 u - a scroll of teleportation {unknown}
Potions
 f - a potion of might
 k - a potion of curing
 m - a potion of brilliance
 n - a potion of flight
 p - a potion of mutation
 s - a potion of haste {unknown}
 t - a potion of heal wounds {unknown}


   Skills:
 - Level 2.6 Fighting
 + Level 5.4 Maces & Flails
 + Level 5.5 Throwing
 - Level 2.6 Dodging


You had 6 spell levels left.
You didn't know any spells.
Your spell library contained the following spells:

 Spells                   Type           Power      Damage    Failure   Level
 Shock                    Conj/Air       0%         1d3       38%         1
 Summon Small Mammal      Summ           0%         N/A       38%         1
 Call Canine Familiar     Summ           0%         N/A       77%         3
 Inner Flame              Hex/Fire       0%         N/A       77%         3
 Summon Guardian Golem    Hex/Summ       0%         N/A       77%         3
 Swiftness                Air            0%         N/A       77%         3
 Airstrike                Air            0%         2d(0-16)  99%         4
 Cause Fear               Hex            0%         N/A       99%         4
 Discord                  Hex            0%         N/A       100%        8


Dungeon Overview and Level Annotations

Branches:
Dungeon (4/15)
 Temple: D:4-7

Altars:

Shops:
D:3 =   D:4 ?


Innate Abilities, Weirdness & Mutations

You are too large for most types of armour.
You have tough skin. (AC +1)


Message History

The orc priest is severely wounded.
The orc completely misses you. The orc priest barely misses you.
You hit the orc priest.
The orc priest is almost dead.
The orc priest calls down the wrath of Beogh upon you.
Beogh smites you!
The orc hits you from afar with a +0 trident.
You hit the orc priest.
You kill the orc priest!
The orc hits you from afar with a +0 trident!
You are too injured to fight recklessly!
You are too injured to fight recklessly!
The necrophage hits you.
You hit the necrophage.
The necrophage is lightly damaged.
The necrophage misses you.
You sock the necrophage!
The necrophage is heavily damaged.
The necrophage hits you.
You feel drained.
You barely miss the necrophage.
The necrophage is heavily damaged.
The necrophage hits you but does no damage.
The orc hits you from afar with a +0 trident.
* * * LOW HITPOINT WARNING * * *
You hit the necrophage.
The necrophage is severely damaged.
The necrophage hits you.
* * * LOW HITPOINT WARNING * * *
You feel drained. The orc closely misses you. The necrophage hits you.
* * * LOW HITPOINT WARNING * * *
You feel drained.
* * * LOW HITPOINT WARNING * * *
The orc hits you but does no damage.
You hit the necrophage.
The necrophage is severely damaged.
The necrophage hits you.
* * * LOW HITPOINT WARNING * * *
You feel drained.
The orc hits you from afar with a +0 trident.
You die...

##.# #...#+#.#.#...#
.# #.#
#.#.#.#.#.#...# #
#.###.#.#'#.#.#.#.#
#...#.#.....#.#..<#
####...#.....#.#....
. .............#.#.#
#..
#####..#....#.#.#....
#.(.....#.#...#
##.....@nw).#
###>...#o#.# ######.#
# #.# #$# #.# #.# ..#


You could see a necrophage, a worm and an orc.

Vanquished Creatures
  Sigmund (D:4)
  A black bear (D:4)
  A phantom (D:4)
  A jelly (D:4)
  3 orc priests
  An adder (D:3)
  2 dart slugs (D:1)
  4 orcs
  7 ball pythons
  4 endoplasms
  2 giant cockroaches
  5 goblins
  7 hobgoblins
  3 quokkas (D:1)
  10 bats
  2 frilled lizards (D:1)
  2 kobolds
  3 rats
59 creatures vanquished.

Notes
Turn   | Place    | Note
-------+----------+-------------------------------------------
     0 | D:1      | Dartaoz the Ogre Gladiator began the quest for the Orb.
     0 | D:1      | Reached XP level 1. HP: 22/22 MP: 1/1
    70 | D:1      | Found a faded altar of an unknown god.
   223 | D:1      | Reached XP level 2. HP: 29/29 MP: 2/2
   456 | D:1      | Reached XP level 3. HP: 35/36 MP: 3/3
  1646 | D:3      | Found Ympayha's Jewellery Shoppe.
  2070 | D:3      | Reached XP level 4. HP: 29/44 MP: 4/4
  2422 | D:4      | Found Viemiv's Magic Scroll Boutique.
  2426 | D:4      | Bought a scroll of identify for 26 gold pieces
  2426 | D:4      | Bought a scroll of identify for 26 gold pieces
  2448 | D:4      | Noticed a phantom
  2456 | D:4      | Killed a phantom
  2457 | D:4      | Reached XP level 5. HP: 37/50 MP: 5/5
  2529 | D:4      | Noticed a black bear
  2532 | D:4      | Killed a black bear
  2533 | D:4      | Reached XP level 6. HP: 48/59 MP: 6/6
  2731 | D:4      | Noticed Sigmund
  2750 | D:4      | Killed Sigmund
  2751 | D:4      | Reached skill level 5 in Maces & Flails
  2751 | D:4      | Reached skill level 5 in Throwing
  2751 | D:4      | Reached XP level 7. HP: 38/66 MP: 7/7
  2955 | D:4      | HP: 3/61 [necrophage (2)]
  2955 | D:4      | Slain by an orc

Illustrated notes

Levels and vault maps discovered:
D:1:      amcnicky_arrival_choice, layout_loops_ring,
          ebering_ecumenical_altar_petrified, minmay_misc_feat_alley,
          minmay_strange_pillars
D:2:      layout_loops_ring, dk_noncrumbling_2
D:3:      layout_loops_ring, serial_shops, nicolae_shop_waterfront,
          kennysheep_generic_room_9
D:4:      layout_basic, nicolae_stop_n_shop_2, uniq_sigmund

Skill      XL: |  1  2  3  4  5  6 |
---------------+-------------------+-----
Maces & Flails | 3 4 5 |  5.4
Throwing       | 3 4 5 |  5.5
Fighting       | |  2.6
Dodging        | |  2.6

Action                   |  1- 3 |  4- 6 |  7- 9 || total
-------------------------+-------+-------+-------++-------
Melee: Flail             |   155 |    30 |    12 ||   197
       Punch             |     1 |     1 |       ||     2
Throw: Javelin           |       |     3 |       ||     3
       Large rock        |       |     4 |     1 ||     5
  Use: Scroll            |       |     5 |       ||     5
Armor: Robe              |    60 |     6 |     2 ||    68
Dodge: Dodged            |    94 |     9 |     5 ||   108

Table legend: (Time is in decaauts)
 A = Elapsed time spent in this place.
 B = Non-inter-level travel time spent in this place.
 C = Inter-level travel time spent in this place.
 D = Time resting spent in this place.
 E = Time spent auto-exploring this place.
 F = Levels seen in this place.
 G = Mean time per level.
                   A        B        C        D        E       F      G
               +--------+--------+--------+--------+--------+-----+--------+
         Total |   3003 |   2898 |    105 |      0 |   2404 |   4 |  750.8 |
       Dungeon |   3003 |   2898 |    105 |      0 |   2404 |   4 |  750.8 |
               +--------+--------+--------+--------+--------+-----+--------+

Top non-repeatable levels by time:
     D:2: 830 daAuts
     D:1: 827 daAuts
     D:3: 803 daAuts
     D:4: 541 daAuts
